 Dungeon Crawl Stone Soup version 0.25-a0-578-gc91f01c (webtiles) character file.

Game seed: 16729369984537485269, levelgen mode: deterministic

74 Faels the Cutter (level 4, 25/35 HPs)
             Began as a Demonspawn Fighter on Mar 6, 2020.
             Quit the game on level 2 of the Dungeon.
             The game lasted 00:03:14 (1427 turns).

Faels the Cutter (Demonspawn Fighter)               Turns: 1427, Time: 00:03:15

Health: 25/35      AC: 12    Str: 17    XL:     4   Next: 9%
Magic:  4/4        EV:  5    Int:  9    God:
Gold:   81         SH:  8    Dex: 13    Spells: 3/3 levels left

rFire    . . .     SeeInvis .   a - +0 rapier
rCold    . . .     Gourm    .   c - +0 kite shield
rNeg     . . .     Faith    .   g - +0 chain mail
rPois    .         Spirit   .   (no helmet)
rElec    .         Reflect  .   (no cloak)
rCorr    .         Harm     .   o - +0 pair of gloves
MR       .....                  (no boots)
Stlth    ..........             (no amulet)
HPRegen  0.11/turn              (no ring)
MPRegen  0.09/turn              (no ring)

@: no status effects
A: yellow scales 1, demonic guardian 1, powered by pain 1
a: no special abilities


You were on level 2 of the Dungeon.
You were hungry.

You visited 1 branch of the dungeon, and saw 2 of its levels.

You collected 81 gold pieces.

Inventory:

Hand Weapons
 a - a +0 rapier (weapon)
Missiles
 e - 9 poisoned darts (quivered)
 i - 5 javelins
 j - 6 datura-tipped darts
Armour
 b - a +0 scale mail
 c - a +0 kite shield (worn)
 g - a +0 chain mail (worn)
 o - a +0 pair of gloves (worn)
Scrolls
 h - a scroll of identify {unknown}
 k - 2 scrolls of teleportation {unknown}
 l - a scroll of fog {unknown}
 n - a scroll of enchant armour {unknown}
 p - a scroll of immolation {unknown}
Potions
 m - a potion of degeneration {unknown}
Comestibles
 d - 7 chunks of flesh
 f - 3 rations


   Skills:
 - Level 3.0 Fighting
 * Level 3.4 Short Blades
 - Level 2.6 Armour
 + Level 1.7 Dodging
 - Level 2.6 Shields


You had 3 spell levels left.
You didn't know any spells.
Your spell library was empty.

Dungeon Overview and Level Annotations

Branches:
Dungeon (2/15)

Altars:


Innate Abilities, Weirdness & Mutations

You are partially covered in yellow scales. (AC +2)
A weak demonic guardian rushes to your aid.
You sometimes gain a little power by taking damage.


Message History

You closely miss the gnoll.
The gnoll is heavily wounded.
Your ufetubus disappears in a puff of smoke!
You block the gnoll's attack. x2
Your shield and chain mail prevent you from hitting the gnoll.
The gnoll is heavily wounded.
The gnoll hits you but does no damage. The gnoll hits you with a +0 whip.
You block the gnoll's attack. The gnoll hits you but does no damage.
You hit the gnoll but do no damage.
The gnoll is moderately wounded.
The gnoll hits you but does no damage. The gnoll barely misses you.
You hit the gnoll but do no damage.
The gnoll is moderately wounded.
You are feeling hungry.
The gnoll hits you but does no damage. x2
Quiver which item? (- for none, * to show all) (? for menu, Esc to quit)
Okay, then.
Quiver which item? (- for none, * to show all) (? for menu, Esc to quit)
Okay, then.
Are you sure you want to abandon this character and quit the game? (Confirm with "yes".)

...# ...# #######....#
...#####.. .##..........#
.......... ............+
..######## #..........#
..## #..........# ...#
#######..........#
...######....#####g......#
.......).......(@gw......#
...######....#####.......#
...# #....# #.......# ...#
#....# #.......# ...#
#....# #.......# ...#
#....# #.......# ..##
#....# #####.(## .. ######
##.# #.w#


You could see a worm and 2 gnolls.

Vanquished Creatures
  A gnoll (D:2)
  3 adders (D:2)
  An ooze (D:2)
  A worm (D:2)
  A dart slug (D:2)
  7 goblins
  2 hobgoblins (D:1)
  3 kobolds
  2 ball pythons
  2 bats
  2 frilled lizards (D:1)
  7 rats
  2 bushes (D:1)
34 creatures vanquished.

Notes
Turn   | Place    | Note
-------+----------+-------------------------------------------
     0 | D:1      | Faels the Demonspawn Fighter began the quest for the Orb.
     0 | D:1      | Reached XP level 1. HP: 18/18 MP: 1/1
   345 | D:1      | Gained mutation: You are partially covered in yellow
                  | scales. (AC +2) [demonic ancestry]
   345 | D:1      | Reached XP level 2. HP: 24/24 MP: 2/2
   937 | D:2      | Reached skill level 1 in Dodging
   969 | D:2      | Gained mutation: A weak demonic guardian rushes to your
                  | aid. [demonic ancestry]
   969 | D:2      | Reached XP level 3. HP: 13/29 MP: 3/3
  1417 | D:2      | Gained mutation: You sometimes gain a little power by
                  | taking damage. [demonic ancestry]
  1417 | D:2      | Reached XP level 4. HP: 31/35 MP: 4/4
  1427 | D:2      | Quit the game

Levels and vault maps discovered:
D:1:      minmay_arrival_diagonal_passages, layout_rooms, serial_forest,
          infiniplex_forest_zigzag_2, infiniplex_forest_lined_room_3,
          infiniplex_forest_join, infiniplex_forest_lined_4_way,
          infiniplex_forest_clump_double, infiniplex_forest_zigzag_1
D:2:      layout_basic, first_ration

Skill      XL: |  1  2 |
---------------+-------+-----
Short Blades   | 2 3 |  3.4
Dodging        | 1 |  1.7
Fighting       | |  3.0
Armour         | |  2.6
Shields        | |  2.6

Action                   |  1- 3 |  4- 6 || total
-------------------------+-------+-------++-------
Melee: Rapier            |   312 |     8 ||   320
  Use: Potion            |     1 |       ||     1
  Eat: Chunk             |     2 |       ||     2
Armor: Scale mail        |    18 |       ||    18
       Chain mail        |    19 |     7 ||    26
Dodge: Dodged            |    24 |     3 ||    27
Block: Kite shield       |    55 |     6 ||    61

Table legend:
 A = Non-vault XP
 B = Vault XP
 C = Vault XP percentage of total XP
 D = Non-vault monster count
 E = Vault monster count
 F = Vault count percentage of total count
                 A         B        C        D         E       F
            +---------+---------+-------+---------+---------+-------
      Total |     106 |       0 |   0.0 |      32 |       0 |   0.0
            +---------+---------+-------+---------+---------+-------
        D:1 |      20 |       0 |   0.0 |      15 |       0 |   0.0
        D:2 |      86 |       0 |   0.0 |      17 |       0 |   0.0
            +---------+---------+-------+---------+---------+-------
